 Dungeon Crawl Stone Soup version 0.30-a0-743-gbfdf073431 (webtiles) character file.

Game seed: 7634929786476112755

6776 Legacy the Warrior (level 10, -1/157 HPs)
             Began as a Minotaur Berserker on Feb 5, 2023.
             Was an Elder of Trog.
             Slain by a two-headed ogre
             ... wielding a +0 giant club
              (13 damage)
             ... on level 10 of the Dungeon.
             The game lasted 00:26:14 (10882 turns).

Legacy the Warrior (Minotaur Berserker)            Turns: 10882, Time: 00:26:14

Health: -1/157     AC: 15    Str: 29    XL:     10   Next: 76%
Magic:  9/9        EV:  9    Int:  4    God:    Trog [****..]
Gold:   757        SH:  7    Dex: 13    Spells: 9/9 levels left

rFire   . . .      SeeInvis .    F - +0 war axe
rCold   . . .      Faith    .    G - +0 kite shield
rNeg    . . .      Spirit   .    S - +0 plate armour
rPois   .          Reflect  .    (helmet restricted)
rElec   .          Harm     .    (no cloak)
rCorr   .          Rampage  .    (no gloves)
Will    +....                    C - +0 pair of boots Stlth
                                 (no amulet)
HPRegen 0.46/turn                H - ring of willpower
MPRegen 0.11/turn                p - +6 ring of strength

@: berserking, quick
A: horns 2, retaliatory headbutt
a: Renounce Religion, Berserk, Trog's Hand, Brothers in Arms


You were on level 10 of the Dungeon.
You worshipped Trog.
Trog was greatly pleased with you.
You visited 1 branch of the dungeon, and saw 10 of its levels.
You also visited: Ossuary.

You collected 832 gold pieces.
You spent 75 gold pieces at shops.

Inventory:

Hand Weapons
 a - a +0 hand axe
 n - the +3 spear "Enusk" {heavy, rCorr}
   (You found it on level 2 of the Dungeon)

   rCorr:     It protects you from acid and corrosion.
 D - a +2 spear of venom
 F - a +0 war axe (weapon)
Missiles
 N - a throwing net (quivered)
Armour
 q - a +2 scale mail of fire resistance
 t - a +0 chain mail
 C - a +0 pair of boots (worn)
 G - a +0 kite shield (worn)
 S - a +0 plate armour (worn)
Jewellery
 o - a ring of poison resistance
 p - a +6 ring of strength (right hand)
 H - a ring of willpower (left hand)
 J - a ring of willpower
Wands
 w - a wand of polymorph (4)
 L - a wand of charming (10)
 O - a wand of quicksilver (9)
 Q - a wand of flame (11)
 T - a wand of mindburst (5)
Scrolls
 b - a scroll of butterflies
 c - 4 scrolls of fog
 d - 4 scrolls of fear
 e - 2 scrolls of vulnerability
 j - 4 scrolls of enchant weapon
 k - 2 scrolls of noise
 m - 6 scrolls of teleportation
 s - a scroll of enchant armour
 u - 5 scrolls of immolation
 y - a scroll of poison
 I - 3 scrolls of blinking
 K - 2 scrolls of magic mapping
 M - a scroll of brand weapon
 R - a scroll of identify
Potions
 f - 4 potions of might {unknown}
 g - 5 potions of flight
 h - 5 potions of heal wounds {unknown}
 i - a potion of invisibility {unknown}
 l - 3 potions of berserk rage {unknown}
 r - a potion of degeneration {unknown}
 v - a potion of attraction {unknown}
 x - a potion of ambrosia {unknown}
 z - 4 potions of haste {unknown}
 A - 2 potions of lignification {unknown}
 B - a potion of resistance {unknown}
 E - 3 potions of curing {unknown}
 P - a potion of mutation {unknown}


   Skills:
 + Level 15.0 Fighting
 - Level 3.6 Axes
 + Level 10.0 Armour
 * Level 7.9 Dodging
 + Level 1.6 Stealth


You had 9 spell levels left.
You didn't know any spells.
Your spell library was empty.

Dungeon Overview and Level Annotations

Branches:
Dungeon (10/15)            Temple (0/1) D:4            Lair (0/5) D:10
Ossuary (visited)
    Orc: D:9-12

Altars:
Cheibriados
Dithmenos
Elyvilon
Hepliaklqana
Makhleb
Nemelex Xobeh
Sif Muna
Uskayaw
Wu Jian
Xom
Yredelemnul
Zin
The Shining One

Shops:
D:1 *


Innate Abilities, Weirdness & Mutations

You have a pair of horns on your head.
You reflexively headbutt those who attack you in melee.


Message History

A two-headed ogre comes into view. It is wielding two +0 giant clubs.
The two-headed ogre shouts in stereo!
The two-headed ogre hits you with a +0 giant club.
The two-headed ogre hits you with a +0 giant club!
You block the two-headed ogre's attack.
The two-headed ogre hits you with a +0 giant club.
You enter the shallow water.
Moving in this stuff is going to be slow.
Your unstable footing causes you to fumble your attack.
You block the two-headed ogre's attack.
The two-headed ogre completely misses you.
You barely miss the two-headed ogre. You headbutt the two-headed ogre.
The two-headed ogre is lightly wounded.
The two-headed ogre hits you with a +0 giant club!!
The two-headed ogre completely misses you.
You slash the two-headed ogre!
The two-headed ogre is moderately wounded.
The two-headed ogre hits you with a +0 giant club!!
The two-headed ogre hits you but does no damage.
You hit the two-headed ogre but do no damage.
The two-headed ogre is moderately wounded.
The two-headed ogre hits you with a +0 giant club!!
* * * LOW HITPOINT WARNING * * *
The two-headed ogre closely misses you.
A red film seems to cover your vision as you go berserk!
You feel yourself moving faster!
You feel mighty!
The two-headed ogre hits you with a +0 giant club!
* * * LOW HITPOINT WARNING * * *
The two-headed ogre hits you but does no damage.
Your unstable footing causes you to fumble your attack.
The two-headed ogre misses you.
The two-headed ogre hits you with a +0 giant club.
* * * LOW HITPOINT WARNING * * *
Your unstable footing causes you to fumble your attack.
You slash the two-headed ogre! You headbutt the two-headed ogre!
The two-headed ogre is almost dead.
The two-headed ogre hits you with a +0 giant club!
* * * LOW HITPOINT WARNING * * *
The two-headed ogre hits you with a +0 giant club!
You die...

# ##.### ###...# #....##
≈≈≈≈~~# #..#..#####
###...######....~~~~~
.##[.........~~..~~♣
.##.##.#####~.♣.≈~≈##
.##.##.# #~..~~~..~
..#.##.######..~~#
..#.##......~~.O@♣
....##.######.~...≈#
.#####.# #.~..♣~≈...
.......######.#~♣..~≈~..
...(............~/.~~..#
.......##########.....##
######## ###### # #


You could see a two-headed ogre.

Vanquished Creatures
  An obsidian statue (D:9)
  A cyclops (D:10)
  A troll (D:10)
  A hornet (D:9)
  3 slime creatures (D:10)
  10 yaks
  A wyvern (D:8)
  3 water moccasins
  An orc warrior (D:10)
  An ice beast (D:5)
  A sky beast (D:6)
  2 black bears
  3 ogres
  3 phantoms
  3 kobold brigands
  An elf zombie (Ossuary)
  7 bullfrogs
  5 scorpions
  2 necrophages
  3 howler monkeys
  A human zombie (Ossuary)
  3 orc priests
  2 gnoll boudas (D:5)
  3 hounds
  3 jellies
  An iguana (D:4)
  8 orc wizards
  2 human simulacra (D:10)
  2 mummies (Ossuary)
  12 gnolls
  8 adders
  4 white imps
  An ufetubus (D:6)
  A worm (D:2)
  3 dart slugs
  22 orcs
  4 ball pythons
  5 bats
  6 endoplasms
  2 giant cockroaches
  7 goblins
  10 hobgoblins
  4 jackals (D:2)
  15 kobolds
  2 quokkas
  4 frilled lizards
  5 gnoll zombies (Ossuary)
  3 goblin zombies (Ossuary)
  4 orc zombies (Ossuary)
  6 rats
206 creatures vanquished.

Vanquished Creatures (others)
  An orc wizard (D:6)
  An adder (D:3)
  A giant cockroach (D:3)
  A hobgoblin (D:3)
  A quokka (D:3)
  6 fungi (D:10)
  15 plants (D:10)
26 creatures vanquished.

Grand Total: 232 creatures vanquished

Notes
Turn   | Place    | Note
-------+----------+-------------------------------------------
     0 | D:1      | Legacy the Minotaur Berserker began the quest for the Orb.
     0 | D:1      | Reached XP level 1. HP: 19/19 MP: 0/0
    84 | D:1      | Reached skill level 4 in Fighting
   303 | D:1      | Reached XP level 2. HP: 27/28 MP: 1/1
   321 | D:1      | Found Neujioc's Assorted Antiques.
   853 | D:1      | Reached skill level 5 in Fighting
   860 | D:1      | Reached XP level 3. HP: 14/36 MP: 2/2
  1469 | D:2      | Reached ** piety under Trog
  1626 | D:2      | Identified the +3 spear "Enusk" {heavy, rCorr}
  2528 | D:1      | Bought a scroll of identify for 30 gold pieces
  2528 | D:1      | Bought a scroll of identify for 30 gold pieces
  2528 | D:1      | Bought a scroll labelled NIMISCH UXKOI for 15 gold pieces
  2616 | D:3      | Found a hazy altar of Hepliaklqana.
  2726 | D:3      | Found a shimmering altar of Xom.
  2737 | D:3      | Reached XP level 4. HP: 44/44 MP: 3/3
  2738 | D:3      | Reached skill level 6 in Fighting
  2842 | D:3      | Found a white marble altar of Elyvilon.
  2869 | D:3      | Noticed an ogre
  2877 | D:3      | Killed an ogre
  2878 | D:3      | Reached skill level 7 in Fighting
  2878 | D:3      | Reached XP level 5. HP: 34/52 MP: 4/4
  3021 | D:3      | Found a faded altar of an unknown god.
  3251 | D:3      | Found a burning altar of Makhleb.
  3287 | D:3      | Found an ornate altar of the Wu Jian Council.
  3409 | D:4      | Noticed a phantom
  3416 | D:4      | Killed a phantom
  3417 | D:4      | Reached skill level 8 in Fighting
  3468 | D:4      | Reached XP level 6. HP: 62/62 MP: 5/5
  3496 | D:4      | Found a staircase to the Ecumenical Temple.
  3612 | D:4      | Found a snail-covered altar of Cheibriados.
  3616 | D:4      | Found a basalt altar of Yredelemnul.
  4180 | D:4      | Reached skill level 9 in Fighting
  4235 | D:4      | Noticed a water moccasin
  4240 | D:4      | Killed a water moccasin
  4357 | D:5      | Entered Level 5 of the Dungeon
  4359 | D:5      | Reached XP level 7. HP: 70/70 MP: 6/6
  4538 | D:5      | Reached skill level 10 in Fighting
  4570 | D:5      | Reached *** piety under Trog
  4726 | D:5      | Reached skill level 11 in Fighting
  4824 | D:5      | Reached XP level 8. HP: 68/83 MP: 7/7
  5144 | D:5      | Found a hide-covered altar of Uskayaw.
  5316 | D:6      | Reached skill level 12 in Fighting
  5809 | D:6      | Found a shimmering blue altar of Sif Muna.
  5889 | D:6      | Reached skill level 13 in Fighting
  6393 | D:7      | Reached XP level 9. HP: 93/93 MP: 8/8
  6398 | D:7      | Reached skill level 5 in Armour
  6516 | D:7      | Reached skill level 14 in Fighting
  6705 | D:7      | Found a sand-covered staircase.
  6711 | Ossuary  | Entered an ossuary
  6722 | Ossuary  | Reached **** piety under Trog
  6757 | Ossuary  | Reached skill level 5 in Dodging
  8576 | D:9      | Noticed an obsidian statue
  8578 | D:9      | Noticed a hellwing
  8583 | D:9      | Noticed a rust devil
  8587 | D:9      | Noticed a rust devil
  8587 | D:9      | Killed an obsidian statue
  8588 | D:9      | Reached XP level 10. HP: 104/104 MP: 9/9
  8672 | D:9      | Paralysed by a hornet for 2 turns
  8849 | D:9      | Reached skill level 1 in Stealth
  9041 | D:9      | Found a sparkling altar of Nemelex Xobeh.
  9054 | D:9      | Found a glowing golden altar of the Shining One.
  9440 | D:9      | Found a glowing silver altar of Zin.
  9991 | D:10     | Entered Level 10 of the Dungeon
 10310 | D:10     | Found a staircase to the Lair.
 10365 | D:10     | Noticed a cyclops
 10378 | D:10     | Killed a cyclops
 10414 | D:10     | Reached skill level 15 in Fighting
 10456 | D:10     | Found a shadowy altar of Dithmenos.
 10553 | D:10     | Reached skill level 10 in Armour
 10870 | D:10     | Noticed a two-headed ogre
 10882 | D:10     | Slain by a two-headed ogre

Illustrated notes

Levels and vault maps discovered:
D:1:      spicycebolla_arrival_risky_transporter, layout_basic, serial_shops,
          nicolae_shop_statue_plus
D:2:      layout_loops_corners, guppyfry_early_orc_mine
D:3:      layout_loops_cross, mainiacjoe_overflow_alcove_4,
          lemuel_crystal_altar, xom_confusion_cloud,
          nicolae_overflow_crystal_walls, mainiacjoe_overflow_alcove_1,
          shapermc_ecumenical_altar_notcrosses
D:4:      layout_basic, mainiacjoe_overflow_catwalk_spiral,
          minmay_temple_entry_arrows
D:5:      cheibrodos_quashed, layout_rooms, mainiacjoe_overflow_24_doors,
          skrybe_limestone_x
D:6:      layout_basic, led_sif_book
D:7:      layout_gridville, serial_shops, nicolae_shop_bloodbath_and_beyond,
          nicolae_ossuary_entry_plus, minmay_liquid_box
D:8:      layout_basic, nicolae_wwwww, minmay_misc_feat_more_columns
D:9:      layout_grid_maze, mainiacjoe_overflow_boulevard,
          amethyst_overflow_temple_binary, minmay_statue_bubble
D:10:     layout_loops_ring, grunt_dithmenos_smoke,
          grunt_lair_entry_orc_guard_hut, serial_rivers,
          chequers_serial_rivers_small_b, chequers_serial_rivers_micro_d,
          chequers_serial_rivers_micro_d, chequers_serial_rivers_micro_d,
          chequers_serial_rivers_micro_b, chequers_serial_rivers_marsh,
          bh_circular_ruins

Skill      XL: |  1  2  3  4  5  6  7  8  9 10 |
---------------+-------------------------------+-----
Fighting       | 4 5 7 8 9 11 13 14 15 | 15.0
Armour         | 4 8 10 | 10.0
Dodging        | 3 6 7 |  7.9
Stealth        | 1 |  1.6
Axes           | |  3.6

Action                     |  1- 3 |  4- 6 |  7- 9 | 10-12 || total
---------------------------+-------+-------+-------+-------++-------
  Melee: Hand axe          |    55 |       |       |       ||    55
         Headbutt          |    10 |     9 |    35 |    23 ||    77
         Spear             |    23 |    52 |    55 |       ||   130
         Punch             |     1 |       |     1 |       ||     2
         War axe           |       |       |   159 |   103 ||   262
 Invoke: Berserk           |       |       |     3 |     2 ||     5
    Use: Scroll            |     3 |     4 |     7 |     1 ||    15
 Armour: Animal skin       |    23 |       |       |       ||    23
         Ring mail         |    10 |       |       |       ||    10
         Scale mail        |     6 |    32 |   179 |    34 ||   251
         Plate armour      |       |       |       |    27 ||    27
  Dodge: Dodged            |   100 |    27 |   144 |    58 ||   329
  Block: Kite shield       |       |       |    78 |    46 ||   124

Table legend: (Time is in decaauts)
 A = Elapsed time spent in this place.
 B = Non-inter-level travel time spent in this place.
 C = Inter-level travel time spent in this place.
 D = Time resting spent in this place.
 E = Time spent auto-exploring this place.
 F = Levels seen in this place.
 G = Mean time per level.
                   A        B        C        D        E       F      G
               +--------+--------+--------+--------+--------+-----+--------+
         Total |  11121 |  10058 |   1063 |   1831 |      0 |  11 | 1011.0 |
       Dungeon |  10997 |   9934 |   1063 |   1831 |      0 |  10 | 1099.7 |
       Ossuary |    123 |    123 |      0 |      0 |      0 |   1 |  123.0 |
               +--------+--------+--------+--------+--------+-----+--------+

Top non-repeatable levels by time:
     D:9: 1442 daAuts
     D:8: 1386 daAuts
     D:1: 1381 daAuts
     D:2: 1221 daAuts
     D:6: 996 daAuts
     D:5: 981 daAuts
     D:4: 961 daAuts
    D:10: 939 daAuts
     D:7: 848 daAuts
     D:3: 840 daAuts
 Ossuary: 123 daAuts
